 Dungeon Crawl Stone Soup version 0.16.1-16-gc44b35d (webtiles) character file.

106 jacksonaction the Digger (level 4, -4/24 HPs)
             Began as a Gargoyle Earth Elementalist on Apr 19, 2015.
             Slain by an orc
             ... wielding a +2 hand axe of distortion
              (7 damage)
             ... on level 3 of the Dungeon.
             The game lasted 00:16:00 (2905 turns).

jacksonaction the Digger (GrEE)                     Turns: 2905, Time: 00:16:00

Health: -4/24      AC:  5    Str: 12    XL:     4   Next: 84%
Magic:  0/9        EV: 12    Int: 16    God:
Gold:   73         SH:  0    Dex: 10    Spells: 2 memorised, 5 levels left

rFire  . . .     SeeInvis .     (no weapon)
rCold  . . .     Clarity  .     c - +0 robe
rNeg   + . .     SustAb   .     (no shield)
rPois  ∞         Gourm    .     (no helmet)
rElec  +         Spirit   .     (no cloak)
rCorr  .         Warding  .     (no gloves)
rMut   .         Stasis   .     (no boots)
MR     .....                    (no amulet)
Stlth  ++........               (no ring)
                                (no ring)

@: very slightly contaminated, not resistant to hostile enchantments, unstealthy
A: negative energy resistance 1, electricity resistance, unbreathing,
petrification resistance, rot immunity, AC +3
a: no special abilities


You were on level 3 of the Dungeon.
You were not hungry.

You visited 1 branch of the dungeon, and saw 3 of its levels.

You collected 73 gold pieces.

Inventory:

Missiles
 b - 28 stones (quivered)
Armour
 c - a +0 robe (worn)
Scrolls
 e - a scroll of teleportation {unknown}
 f - 2 scrolls of recharging {unknown}
 h - a scroll of magic mapping {unknown}
 i - 3 scrolls of remove curse {unknown}
 l - a scroll of fear {unknown}
 m - a scroll of noise {unknown}
Potions
 g - 2 potions of resistance {unknown}
 k - a potion of invisibility {unknown}
 o - a potion of restore abilities {unknown}
Books
 d - a book of Geomancy

   Spells                             Type                      Level
   a - Sandblast                      Earth                        1
   b - Stoneskin                      Transmutation/Earth          2
   c - Passwall                       Transmutation/Earth          3
   d - Stone Arrow                    Conjuration/Earth            3
   e - Petrify                        Transmutation/Earth          4
   f - Lee's Rapid Deconstruction     Earth                        5
Comestibles
 a - 5 bread rations
 j - 2 chunks of flesh
 n - 2 meat rations


   Skills:
 - Level 1.5 Dodging
 - Level 2.1 Stealth
 + Level 3.3 Spellcasting
   Level 0.7 Transmutations
 + Level 5.4 Earth Magic


You had 5 spell levels left.
You knew the following spells:

 Your Spells              Type           Power        Failure   Level  Hunger
a - Sandblast             Erth           ###...       1%          1    None
b - Stone Arrow           Conj/Erth      ##....       17%         3    ###....


Dungeon Overview and Level Annotations

Branches:
Dungeon (3/15)

Altars:
Ashenzari
Dithmenos
Kikubaaqudgha
Sif Muna


Innate Abilities, Weirdness & Mutations

You are resistant to torment.
You are immune to poison.
Your stone body is very resilient (AC +3).
You resist negative energy.
You are resistant to electric shocks.
You can survive without breathing.
You are immune to petrification.
You are immune to rotting.


Message History

Casting: Stone Arrow
Confirm with . or Enter, or press ? or * to list all spells.
Aiming: Sandblast
Press: ? - help, Shift-Dir - straight line, f/p - orc
Aim: an orc, wielding a hand axe of distortion The blast of sand hits the orc.
The orc is moderately wounded.
The orc misses you.
Casting: Sandblast
Confirm with . or Enter, or press ? or * to list all spells.
Aiming: Sandblast
Press: ? - help, Shift-Dir - straight line, f/p - orc
Aim: an orc, wielding a hand axe of distortion (moderately wounded)
The blast of sand misses the orc.
The orc hits you with a hand axe of distortion.
Space warps horribly around you!
Ouch! That really hurt!
* * * LOW HITPOINT WARNING * * *
The orc hits you with a hand axe of distortion!
You die...

#############
##.....#.....##
##.............##
#.......o@......#
#...)..<.....[..#
#...............#
#................
#....>...$.......
#...........>...
##....$........
.............
###$#.....#.


You could see an orc.

Vanquished Creatures
  2 gnolls (D:1)
  A worm (D:2)
  3 adders (D:2)
  A giant mite (D:1)
  An ooze (D:1)
  2 orcs (D:2)
  4 bats
  3 giant cockroaches (D:2)
  6 goblins
  6 hobgoblins
  9 kobolds
  A ball python (D:1)
  5 giant newts
  A jackal (D:1)
  6 rats
51 creatures vanquished.

Notes
Turn   | Place    | Note
--------------------------------------------------------------
     0 | D:1      | jacksonaction, the Gargoyle Earth Elementalist, began the quest for the Orb.
     0 | D:1      | Reached XP level 1. HP: 10/10 MP: 3/3
   259 | D:1      | Reached skill level 4 in Earth Magic
   331 | D:1      | Reached XP level 2. HP: 15/15 MP: 2/4
   836 | D:1      | Reached XP level 3. HP: 19/19 MP: 4/6
   841 | D:1      | Learned a level 3 spell: Stone Arrow
  1567 | D:1      | Reached skill level 5 in Earth Magic
  1739 | D:2      | Reached XP level 4. HP: 22/24 MP: 0/8
  1874 | D:2      | Found an ancient bone altar of Kikubaaqudgha.
  2137 | D:2      | Found a deep blue altar of Sif Muna.
  2170 | D:2      | Found a shadowy altar of Dithmenos.
  2442 | D:2      | Found a shattered altar of Ashenzari.
  2905 | D:3      | Slain by an orc

Action                   |  1- 3 |  4- 6 || total
-------------------------+-------+-------++-------
Melee: Unarmed           |    18 |    12 ||    30
Throw: Stone             |    11 |    16 ||    27
 Cast: Sandblast         |    70 |    39 ||   109
       Stone Arrow       |     1 |     6 ||     7
 Stab: Sleeping          |     1 |       ||     1
  Eat: Chunk             |     3 |     5 ||     8
